 Dungeon Crawl Stone Soup version 0.30.0-29-ga12c61a403 (webtiles) character file.

Game seed: 12356664620177999446

689 ChadusMaximus the Caller (level 7, -6/46 HPs)
             Began as a Barachi Summoner on June 24, 2023.
             Mangled by a sea snake (glowing shapeshifter) (16 damage)
             ... on level 4 of the Dungeon.
             The game lasted 00:06:24 (4307 turns).

ChadusMaximus the Caller (Barachi Summoner)         Turns: 4307, Time: 00:06:25

Health: -6/46      AC:  9    Str:  9 (10) XL:     7   Next: 63%
Magic:  9/14       EV: 13    Int: 14 (17) God:
Gold:   206        SH:  0    Dex:  9 (12) Spells: 6/16 levels left

rFire   . . .        v - +4 quarterstaff (chaos)
rCold   . . .        (shield currently unavailable)
rNeg    . . .        a - +0 robe
rPois   .            w - +0 helmet
rElec   .            u - +0 cloak
rCorr   .            (no gloves)
SInv    .            x - +0 pair of boots
Will    .....        (no amulet)
Stlth   ++           r - +4 ring of protection
HPRegen 0.27/turn    (no ring)
MPRegen 0.14/turn

%: no passive effects
@: lethally poisoned (-6 -> -17), unable to hop, attractive, slow
A: amphibious, slowness 1, strong legs 1, +LOS
a: Hop


You were on level 4 of the Dungeon.
You visited 1 branch of the dungeon, and saw 4 of its levels.

You collected 206 gold pieces.

Inventory:

Hand Weapons
 d - a +0 dagger
 f - a +0 short sword
 l - a +0 lajatang
 o - a +0 war axe
 v - a +4 quarterstaff of chaos (weapon)
Missiles
 h - a throwing net
Armour
 a - a +0 robe (worn)
 u - a +0 cloak (worn)
 w - a +0 helmet (worn)
 x - a +0 pair of boots (worn)
Jewellery
 r - a +4 ring of protection (left hand)
 z - a ring of flight
Scrolls
 e - 4 scrolls of identify {unknown}
 g - a scroll of poison {unknown}
 j - a scroll of immolation {unknown}
 q - a scroll of magic mapping {unknown}
 s - a scroll of enchant armour {unknown}
 y - a scroll of amnesia {unknown}
Potions
 b - a potion of magic
 c - a potion of resistance {unknown}
 i - 2 potions of haste {unknown}
 k - a potion of heal wounds {unknown}
 m - a potion of degeneration
 n - a potion of attraction
 p - a potion of cancellation {unknown}
 t - a potion of flight {unknown}


   Skills:
 + Level 5.6 Dodging
 - Level 1.7 Stealth
 + Level 5.0 Spellcasting
 + Level 7.4 Summonings


You had 6 spell levels left.
You knew the following spells:

 Your Spells              Type           Power      Damage    Failure   Level
a - Summon Small Mammal   Summ           96%        N/A       1%          1
b - Call Canine Familiar  Summ           24%        N/A       2%          3
c - Call Imp              Summ           48%        N/A       1%          2
d - Summon Lightning Spi  Summ/Air       13%        N/A       36%         4

Your spell library contained the following spells:

 Spells                   Type           Power      Damage    Failure   Level
 Summon Guardian Golem    Hex/Summ       13%        N/A       12%         3
 Ozocubu's Armour         Ice            3%         N/A       45%         3
 Ozocubu's Refrigeration  Ice            1%         4d7       100%        7


Dungeon Overview and Level Annotations

Branches:
Dungeon (4/15)
 Temple: D:4-7

Altars:
Cheibriados
Kikubaaqudgha
Zin

Shops:
D:1 !

Annotations:
D:4 3 runed translucent doors, Elmgren's ghost, amateur GrHu


Innate Abilities, Weirdness & Mutations

You are amphibious.
You cover ground slowly.
You can hop short distances.
You have an extended range of vision and can be seen from far away.


Message History

Your ball python zombie constricts the sea snake.
The sea snake bites you!
You are lethally poisoned!
The sea snake poisons you!
Hop to where?
Press: ? - help, Dir - move target Boing!
You feel extremely sick.
The sea snake struggles to escape constriction.
Your ball python zombie bites the sea snake but does no damage.
Your ball python zombie constricts the sea snake.
Casting: Call Imp (safe; 1% risk of failure)
Confirm with . or Enter, or press ? or * to list all spells.
You feel very sick.
The sea snake bites your ball python zombie.
Your ball python zombie bites the sea snake but does no damage.
Your ball python zombie constricts the sea snake.
Casting: Call Canine Familiar (safe; 1% risk of failure)
Confirm with . or Enter, or press ? or * to list all spells.
A tiny devil pulls itself out of the air.
You feel very sick.
The sea snake struggles to escape constriction.
Your ball python zombie bites the sea snake but does no damage.
Your ball python zombie constricts the sea snake.
The sea snake bites your ball python zombie!!
Your ball python zombie is destroyed!
It was a potion of attraction.
You feel attractive to monsters.
* * * LOW HITPOINT WARNING * * *
You feel very sick. The sea snake misses your hound.
Your hound bites the sea snake.
The sea snake is attracted toward you.
Unknown command.
It was a potion of degeneration.
There was something very wrong with that liquid.
You feel weakened.
You feel dopey.
You feel clumsy.
* * * LOW HITPOINT WARNING * * *
You feel very sick. The sea snake bites you!
You die...

#########..#.......†..#
#......##########.#
#.###..........##.# ##
#.# #.#####.#..##.# .#
#.# #.##(§####.##.# .#
#.# #.##$...#).##.#
.####+###+###.h###.##.#
#..........#...S5#.##.#
#..........#.#.#@'.##.#
#..........##########.#
#.....................#
#..........##.#########
#..........##.#
#####.....###.# #.##..#
#.# ########..# #.#
..........# #.#


You could see a sea snake shaped shifter (ally target), a friendly hound
(summoned) and a friendly cerulean imp (summoned).

Vanquished Creatures
  A phantom (D:4)
  A scorpion (D:4)
  An orc priest (D:4)
  Crazy Yiuf (D:2)
  3 iguanas (D:4)
  2 orc wizards
  2 adders
  A worm (D:2)
  A dart slug (D:2)
  10 orcs
  4 bats
  7 endoplasms
  3 giant cockroaches
  A goblin (D:1)
  4 hobgoblins
  A jackal (D:1)
  5 kobolds
  3 quokkas (D:3)
  7 ball pythons
  2 frilled lizards
  3 rats
63 creatures vanquished.

Vanquished Creatures (collateral kills)
  Sigmund (D:2)
  Ijyb (D:3)
  3 orc wizards (D:3)
  2 adders (D:2)
  A dart slug (D:1)
  3 orcs (D:3)
  A goblin (D:1)
  3 hobgoblins (D:1)
  2 jackals (D:1)
  A ball python (D:2)
  3 bats
  2 frilled lizards
  3 rats (D:1)
26 creatures vanquished.

Vanquished Creatures (others)
  A ball python zombie (D:4)
1 creature vanquished.

Grand Total: 90 creatures vanquished

Notes
Turn   | Place    | Note
-------+----------+-------------------------------------------
     0 | D:1      | ChadusMaximus the Barachi Summoner began the quest for the
                  | Orb.
     0 | D:1      | Reached XP level 1. HP: 13/13 MP: 3/3
   169 | D:1      | Reached skill level 5 in Summonings
   169 | D:1      | Reached XP level 2. HP: 14/19 MP: 1/5
   623 | D:1      | Reached XP level 3. HP: 24/24 MP: 7/7
   670 | D:1      | Found Ofeoleu's Distillery.
   836 | D:1      | HP: 1/24 [jackal (2)]
  1231 | D:2      | Reached XP level 4. HP: 10/30 MP: 4/8
  1333 | D:2      | Learned a level 3 spell: Call Canine Familiar
  1336 | D:2      | Learned a level 2 spell: Call Imp
  1783 | D:2      | Noticed Sigmund
  1821 | D:2      | Killed Sigmund
  1822 | D:2      | Reached skill level 6 in Summonings
  1822 | D:2      | Reached XP level 5. HP: 24/35 MP: 1/10
  1822 | D:2      | Reached XP level 6. HP: 29/41 MP: 1/11
  1921 | D:2      | Found a runed translucent door.
  1922 | D:2      | Noticed Crazy Yiuf
  2102 | D:2      | Killed Crazy Yiuf
  2308 | D:3      | Found an ancient bone altar of Kikubaaqudgha.
  2560 | D:3      | Found a snail-covered altar of Cheibriados.
  2844 | D:3      | Noticed Ijyb
  2924 | D:3      | Killed Ijyb
  3025 | D:3      | Found a glowing silver altar of Zin.
  3231 | D:4      | Noticed an orc warrior
  3441 | D:3      | Learned a level 4 spell: Summon Lightning Spire
  3606 | D:4      | Reached XP level 7. HP: 44/46 MP: 13/13
  3636 | D:4      | Reached skill level 5 in Dodging
  3636 | D:4      | Reached skill level 7 in Summonings
  3724 | D:4      | Noticed Elmgren's ghost (amateur GrHu)
  3726 | D:4      | Found a runed translucent gate.
  3726 | D:4      | Found a runed translucent gate.
  3726 | D:4      | Found a runed translucent gate.
  3987 | D:4      | Reached skill level 5 in Spellcasting
  4301 | D:4      | a hound changed into a glowing shapeshifter
  4301 | D:4      | Noticed a glowing shapeshifter (glowing shapeshifter)
  4301 | D:4      | a glowing shapeshifter changed into a sea snake
  4301 | D:4      | Noticed a sea snake (glowing shapeshifter)
  4307 | D:4      | Mangled by a sea snake (glowing shapeshifter)

Illustrated notes

Levels and vault maps discovered:
D:1:      zaba_arrival_water, layout_basic, serial_shops, shop,
          minmay_heptomino_o4
D:2:      layout_loops_cross, uniq_sigmund, uniq_crazy_yiuf_cottage
D:3:      layout_loops_ring, overflow_temple_1_default,
          mainiacjoe_overflow_chevrons, general_overflow_altar, uniq_ijyb
D:4:      minmay_wonky_spiral, layout_basic, gammafunk_ghost_split

Skill      XL: |  1  2  3  4  5  6  7 |
---------------+----------------------+-----
Summonings     | 5 6 7 |  7.4
Dodging        | 3 4 5 |  5.6
Spellcasting   | 3 4 5 |  5.0
Stealth        | |  1.7

Action                     |  1- 3 |  4- 6 |  7- 9 || total
---------------------------+-------+-------+-------++-------
  Melee: Unarmed           |    26 |       |       ||    26
         Dagger            |    23 |       |       ||    23
         Short sword       |    50 |       |       ||    50
         Punch             |     1 |       |       ||     1
         Lajatang          |    17 |       |       ||    17
         War axe           |     7 |    24 |       ||    31
         Quarterstaff      |       |    59 |    56 ||   115
   Cast: Summon Small Mamm |    30 |     2 |       ||    32
         Call Canine Famil |       |    13 |     1 ||    14
         Call Imp          |       |     8 |     1 ||     9
Ability: Hop               |     2 |       |     1 ||     3
    Use: Potion            |       |       |     2 ||     2
   Stab: Sleeping          |     3 |     4 |     2 ||     9
         Distracted        |       |     1 |       ||     1
         Petrified         |       |       |     1 ||     1
 Armour: Robe              |    51 |    53 |    17 ||   121
  Dodge: Dodged            |   159 |    72 |    37 ||   268
